[Event "Kragero Resort ELO 2024"]
[Site "Kragero"]
[Date "2024.02.21"]
[Round "1.7"]
[White "Rynning, Rune Kleiven"]
[Black "Jorgensen, Catherine"]
[Result "1-0"]
[ECO "A37"]
[WhiteElo "1713"]
[BlackElo "1351"]
[Annotator "NA RC"]
[PlyCount "103"]
[EventDate "2024.02.21"]
[EventType "swiss"]
[EventCountry "NOR"]
[SourceTitle "playchess.com"]
[Source "ChessBase"]
[SourceQuality "1"]
[TimeControl "5400+30"]

1. c4 c5 2. g3 g6 3. Bg2 Bg7 4. Nc3 Nc6 5. Nf3 e6 6. d4 cxd4 7. Nb5 d6 8. Nfxd4 Nxd4 9. Nxd4 a6 10. O-O Ne7 11. e4 O-O 12. Be3 Qc7 13. Rc1 Bd7 14. Qd2 Nc6 15. Rfd1 Rfd8 16. b3 Nxd4 17. Bxd4 Bc6 18. Be3 Rd7 19. f3 Rad8 20. Qf2 Qb8 21. Bb6 Re8 22. a3 Bf6 23. Bf1 Kg7 24. a4 Bd8 25. a5 Bxb6 26. Qxb6 Ree7 27. b4 Rd8 28. b5 Be8 29. bxa6 bxa6 30. Qxb8 Rxb8 31. Rxd6 Ra7 32. Rb6 Rc8 33. c5 Rc6 34. Rxc6 Bxc6 35. Rb1 Kf6 36. Rb6 Bb7 37. Kf2 Ke7 38. Rd6 Ra8 39. Rb6 Ra7 40. Rd6 Ra8 41. Ke3 Rc8 42. Kd4 Rc6 43. Rxc6 Bxc6 44. Bxa6 f6 45. f4 Kd7 46. e5 f5 47. Bc4 Ke7 48. Kc3 Bd7 49. Kb4 Kd8 50. c6 Bc8 51. a6 Kc7 52. a7 1-0

[Event "Kragero Resort ELO 2024"]
[Site "Kragero"]
[Date "2024.02.21"]
[Round "1.8"]
[White "Nordahl, Christine"]
[Black "Jahr, Even"]
[Result "0-1"]
[ECO "A52"]
[WhiteElo "1333"]
[BlackElo "1689"]
[Annotator "NA"]
[PlyCount "82"]
[EventDate "2024.02.21"]
[EventType "swiss"]
[EventCountry "NOR"]
[SourceTitle "playchess.com"]
[Source "ChessBase"]
[SourceQuality "1"]
[TimeControl "5400+30"]

1. d4 Nf6 2. c4 e5 3. dxe5 Ng4 4. e3 Nxe5 5. f4 Nec6 6. Bd3 Bc5 7. Ne2 d6 8. O-O Nd7 9. b3 Nf6 10. f5 Ne5 11. Nbc3 Bd7 12. Nf4 a6 13. Ncd5 c6 14. Nxf6+ Qxf6 15. Rb1 O-O 16. Kh1 Qh4 17. Qe2 Rfe8 18. f6 Bg4 19. Qc2 g6 20. g3 Qh6 21. b4 Nxd3 22. Qxd3 Bf5 23. Qb3 Bxb1 24. bxc5 Be4+ 25. Kg1 dxc5 26. Qxb7 g5 27. Ne6 Qh3 28. Rf2 Qxe6 29. Qb2 Rab8 30. Qe2 Rb1 31. Rf1 Qh3 32. Qd2 Rbb8 33. Rf2 Red8 34. Qe2 g4 35. Rf1 Bd3 36. Qf2 Bxf1 37. Ba3 Qg2+ 38. Qxg2 Bxg2 39. Kxg2 Rd2+ 40. Kf1 Rb1+ 41. Bc1 Rxc1# 0-1

[Event "Kragero Resort ELO 2024"]
[Site "Kragero"]
[Date "2024.02.21"]
[Round "1.9"]
[White "Zafra, Kim"]
[Black "Sathish, Githiha"]
[Result "1-0"]
[ECO "A00"]
[WhiteElo "1678"]
[BlackElo "1332"]
[Annotator "NA"]
[PlyCount "55"]
[EventDate "2024.02.21"]
[EventType "swiss"]
[EventCountry "NOR"]
[SourceTitle "playchess.com"]
[Source "ChessBase"]
[SourceQuality "1"]
[TimeControl "5400+30"]

1. g3 d5 2. Bg2 Nf6 3. b3 Bf5 4. Bb2 c6 5. e3 Nbd7 6. Ne2 e5 7. O-O Bd6 8. f4 e4 9. Nd4 Bg6 10. g4 h6 11. h4 h5 12. g5 Ng4 13. Bh3 f5 14. Ne6 Qe7 15. Nxg7+ Kf7 16. Bxg4 hxg4 17. h5 Bxh5 18. Nxf5 Qe6 19. Ng3 Rh7 20. f5 Qe7 21. g6+ Bxg6 22. fxg6+ Kxg6 23. Qxg4+ Qg5 24. Qe6+ Nf6 25. Rxf6+ Kg7 26. Rf7+ Kg8 27. Rg7+ Kh8 28. Rg8# 1-0

[Event "Kragero Resort ELO 2024"]
[Site "Kragero"]
[Date "2024.02.21"]
[Round "1.10"]
[White "Mortensen, Michael"]
[Black "Kopperud, Vidar Aleksander"]
[Result "1/2-1/2"]
[ECO "A21"]
[WhiteElo "1330"]
[BlackElo "1642"]
[Annotator "NA"]
[PlyCount "54"]
[EventDate "2024.02.21"]
[EventType "swiss"]
[EventCountry "NOR"]
[SourceTitle "playchess.com"]
[Source "ChessBase"]
[SourceQuality "1"]
[TimeControl "5400+30"]

1. c4 e5 2. g3 d6 3. Bg2 f5 4. d3 Nf6 5. Nc3 Be7 6. Nf3 O-O 7. O-O c6 8. c5 Na6 9. cxd6 Bxd6 10. Bd2 Nc7 11. Rc1 Kh8 12. a3 Be6 13. Na4 Qe7 14. Be3 Ncd5 15. Bc5 Nd7 16. b4 b6 17. Bxd6 Qxd6 18. Nc3 Rac8 19. Nd2 Nxc3 20. Rxc3 Rc7 21. Nc4 Bxc4 22. dxc4 Qe7 23. Rd3 e4 24. Rd6 Rf6 25. Rxf6 Nxf6 26. Qc2 c5 27. b5 Rd7 1/2-1/2

[Event "Kragero Resort ELO 2024"]
[Site "Kragero"]
[Date "2024.02.21"]
[Round "1.11"]
[White "Dale, Svein"]
[Black "Holten, Terje"]
[Result "1-0"]
[ECO "B20"]
[WhiteElo "1638"]
[BlackElo "1313"]
[Annotator "NA RC"]
[PlyCount "91"]
[EventDate "2024.02.21"]
[EventType "swiss"]
[EventCountry "NOR"]
[SourceTitle "playchess.com"]
[Source "ChessBase"]
[SourceQuality "1"]
[TimeControl "5400+30"]

1. e4 c5 2. a3 Nc6 3. b4 cxb4 4. axb4 Nf6 5. b5 Ne5 6. d4 Ng6 7. e5 Nd5 8. c4 Nb6 9. c5 Nd5 10. Bc4 e6 11. b6 a6 12. Bxd5 exd5 13. Nc3 Be7 14. Nxd5 O-O 15. Nc7 Rb8 16. f4 f6 17. Nf3 fxe5 18. fxe5 Bh4+ 19. g3 Be7 20. O-O Rf7 21. Qb3 Qf8 22. Ng5 Bxg5 23. Bxg5 h6 24. Bd2 Nh8 25. Rf2 Kh7 26. Raf1 Rxf2 27. Rxf2 Qe7 28. Bb4 Qg5 29. Bd2 Qg4 30. Rf8 Qxd4+ 31. Be3 Qxe5 32. Re8 Qa1+ 33. Kf2 Qf6+ 34. Kg2 Nf7 35. Nd5 Qc6 36. Qd3+ g6 37. Re7 Kg8 38. Re8+ Kh7 39. Kg1 d6 40. Nf6+ Kg7 41. Bd4 Bh3 42. Ne4+ Ne5 43. Bxe5+ dxe5 44. Rxb8 Bf5 45. Qd8 Bxe4 46. Qf8+ 1-0

[Event "Kragero Resort ELO 2024"]
[Site "Kragero"]
[Date "2024.02.21"]
[Round "1.12"]
[White "Sorensen, Vidar Busch"]
[Black "Digernes, Mikael"]
[Result "0-1"]
[ECO "A18"]
[WhiteElo "1313"]
[BlackElo "1593"]
[Annotator "NA RC"]
[PlyCount "68"]
[EventDate "2024.02.21"]
[EventType "swiss"]
[EventCountry "NOR"]
[SourceTitle "playchess.com"]
[Source "ChessBase"]
[SourceQuality "1"]
[TimeControl "5400+30"]

1. c4 Nf6 2. Nc3 e6 3. e4 Bb4 4. Qc2 c5 5. a3 Bxc3 6. bxc3 Nc6 7. Nf3 Qc7 8. d4 b6 9. e5 Ng8 10. Bf4 Nge7 11. Rd1 cxd4 12. cxd4 Na5 13. Qa2 Ba6 14. Rc1 Ng6 15. Be3 Bb7 16. Be2 Rc8 17. O-O O-O 18. Rc3 d6 19. exd6 Qxd6 20. c5 Qd7 21. Rd1 Bd5 22. Qc2 b5 23. Nd2 f5 24. f4 Nh4 25. Nf3 Nxf3+ 26. Bxf3 Bxf3 27. gxf3 Qd5 28. Kf2 Nc4 29. Bc1 Rfd8 30. Re1 Qxd4+ 31. Be3 Nxe3 32. Rexe3 Qxf4 33. Kg1 Rc6 34. Qb3 Rd2 0-1

[Event "Kragero Resort ELO 2024"]
[Site "Kragero"]
[Date "2024.02.21"]
[Round "1.13"]
[White "Smedsrud, Petter"]
[Black "Matysiak, Tommy"]
[Result "1-0"]
[ECO "B50"]
[WhiteElo "1580"]
[BlackElo "1312"]
[Annotator "NA RC"]
[PlyCount "129"]
[EventDate "2024.02.21"]
[EventType "swiss"]
[EventCountry "NOR"]
[SourceTitle "playchess.com"]
[Source "ChessBase"]
[SourceQuality "1"]
[TimeControl "5400+30"]

1. e4 c5 2. Nf3 d6 3. c3 Nf6 4. Be2 Nc6 5. d4 cxd4 6. cxd4 Nxe4 7. d5 Qa5+ 8. Nc3 Nxc3 9. bxc3 Nb8 10. O-O g6 11. Qd4 Rg8 12. Re1 Bg7 13. Qe4 Qd8 14. Bg5 f6 15. Bf4 a6 16. Nd4 f5 17. Qe3 Bxd4 18. cxd4 b5 19. Bg5 Rg7 20. Bf3 a5 21. Re2 b4 22. Rae1 Ra7 23. a3 Ba6 24. Rb2 Rb7 25. Reb1 Nd7 26. axb4 axb4 27. Rxb4 Rxb4 28. Rxb4 Qa5 29. Rb1 Bc4 30. Re1 Qd8 31. Bf4 Nb6 32. Qe6 Kf8 33. Bh6 Bb5 34. Bxg7+ Kxg7 35. Qxe7+ Qxe7 36. Rxe7+ Kf6 37. Rb7 Nxd5 38. Bxd5 Be8 39. Rxh7 g5 40. Kf1 Bb5+ 41. Ke1 Kg6 42. Rb7 Be8 43. Rb6 Kf6 44. Rxd6+ Ke7 45. Re6+ Kd7 46. Rxe8 Kxe8 47. Be6 f4 48. Ke2 Ke7 49. Bc8 Kd6 50. Kf3 Kd5 51. Kg4 Kxd4 52. Kxg5 Ke4 53. Bb7+ Ke5 54. h4 Ke6 55. Kg6 f3 56. Bxf3 Kd6 57. h5 Kc5 58. h6 Kd6 59. h7 Kc5 60. h8=Q Kd6 61. Qd4+ Kc7 62. Qc5+ Kd8 63. Qd6+ Kc8 64. Qe7 Kb8 65. Qb7# 1-0

[Event "Kragero Resort ELO 2024"]
[Site "Kragero"]
[Date "2024.02.21"]
[Round "1.14"]
[White "Persson, Michael"]
[Black "Kveim, Ingvar Torjesen"]
[Result "0-1"]
[ECO "E61"]
[WhiteElo "1296"]
[BlackElo "1542"]
[Annotator "NA RC"]
[PlyCount "98"]
[EventDate "2024.02.21"]
[EventType "swiss"]
[EventCountry "NOR"]
[SourceTitle "playchess.com"]
[Source "ChessBase"]
[SourceQuality "1"]
[TimeControl "5400+30"]

1. d4 Nf6 2. c4 c5 3. e3 g6 4. Nf3 Bg7 5. Nc3 cxd4 6. exd4 d6 7. Be2 O-O 8. O-O Nc6 9. Be3 Bd7 10. Qc1 Ng4 11. d5 Nxe3 12. fxe3 Nb4 13. a3 Na6 14. b4 Rc8 15. Rb1 Nc7 16. Ne4 Nxd5 17. Qd2 Nf6 18. Nxf6+ Bxf6 19. Nd4 Bg7 20. Rbc1 Qb6 21. Bf3 Qa6 22. Qa2 Rfe8 23. Bd5 e6 24. Bf3 Re7 25. Be2 Qb6 26. Qd2 e5 27. Nb3 Be6 28. c5 dxc5 29. Nxc5 Rd8 30. Qc2 Bh6 31. Qc3 Bd5 32. Bf3 Bxf3 33. Rxf3 e4 34. Rh3 Bg7 35. Qe1 Qf6 36. Rh4 Rde8 37. Rc4 Qb2 38. Rhxe4 Rxe4 39. Nxe4 Qxa3 40. Kf2 Qd3 41. Qe2 Qd5 42. Qc2 b5 43. Rc8 Qf5+ 44. Ke2 Qxc8 45. Qb1 Qc4+ 46. Kf3 Qd5 47. g4 f5 48. gxf5 Qxf5+ 49. Ke2 Qxe4 0-1

[Event "Kragero Resort ELO 2024"]
[Site "Kragero"]
[Date "2024.02.21"]
[Round "1.15"]
[White "Zakaryan, Samvel"]
[Black "Germiani, Yaro"]
[Result "1-0"]
[ECO "D02"]
[WhiteElo "1515"]
[BlackElo "1287"]
[Annotator "NA"]
[PlyCount "69"]
[EventDate "2024.02.21"]
[EventType "swiss"]
[EventCountry "NOR"]
[SourceTitle "playchess.com"]
[Source "ChessBase"]
[SourceQuality "1"]
[TimeControl "5400+30"]

1. Nf3 d5 2. d4 Bf5 3. Bf4 c5 4. c3 Nf6 5. e3 Qb6 6. Qb3 Qxb3 7. axb3 cxd4 8. exd4 Nc6 9. Bb5 e6 10. Ne5 Rc8 11. Nd2 Be7 12. Rxa7 O-O 13. Bxc6 bxc6 14. Rxe7 c5 15. dxc5 Rxc5 16. Nd7 Nxd7 17. Rxd7 Bd3 18. b4 Rc6 19. Nb3 Bc4 20. Na5 Ra6 21. Kd2 Bb5 22. Rb7 Bc4 23. b3 Rd8 24. bxc4 dxc4+ 25. Kc2 f6 26. Rd1 Rxd1 27. Kxd1 e5 28. Be3 Rd6+ 29. Kc2 h6 30. b5 Rd5 31. Nc6 Kh7 32. b6 Rb5 33. Nd8 Ra5 34. Ra7 Rb5 35. b7 1-0

[Event "Kragero Resort ELO 2024"]
[Site "Kragero"]
[Date "2024.02.21"]
[Round "1.16"]
[White "Hagen, Bjorn Stian"]
[Black "Elseth, Florian"]
[Result "1-0"]
[ECO "E24"]
[WhiteElo "1278"]
[BlackElo "1513"]
[Annotator "NA"]
[PlyCount "53"]
[EventDate "2024.02.21"]
[EventType "swiss"]
[EventCountry "NOR"]
[SourceTitle "playchess.com"]
[Source "ChessBase"]
[SourceQuality "1"]
[TimeControl "5400+30"]

1. d4 Nf6 2. c4 e6 3. Nc3 Bb4 4. Qc2 c5 5. a3 Bxc3+ 6. bxc3 Nc6 7. Nf3 Qa5 8. Bd2 O-O 9. e3 d6 10. Bd3 h6 11. O-O Qc7 12. e4 b6 13. d5 Na5 14. Rfe1 Ba6 15. e5 dxe5 16. dxe6 fxe6 17. Nxe5 Rad8 18. Rad1 Rd6 19. Ng6 Rfd8 20. Bf4 Bxc4 21. Bxd6 Rxd6 22. Ne5 Bb3 23. Bh7+ Nxh7 24. Qg6 Rxd1 25. Rxd1 Bxd1 26. Qxe6+ Kh8 27. Ng6# 1-0

[Event "Kragero Resort ELO 2024"]
[Site "Kragero"]
[Date "2024.02.21"]
[Round "1.17"]
[White "Alvanjyan, Aida"]
[Black "Gevorgyan, Nrane"]
[Result "1-0"]
[ECO "C06"]
[WhiteElo "1508"]
[BlackElo "1268"]
[Annotator "NA"]
[PlyCount "59"]
[EventDate "2024.02.21"]
[EventType "swiss"]
[EventCountry "NOR"]
[SourceTitle "playchess.com"]
[Source "ChessBase"]
[SourceQuality "1"]
[TimeControl "5400+30"]

1. e4 e6 2. d4 d5 3. Nd2 Nf6 4. e5 Nfd7 5. Bd3 c5 6. c3 Qb6 7. Ne2 Nc6 8. Nf3 cxd4 9. cxd4 f6 10. exf6 Nxf6 11. O-O Bd6 12. Bf4 Bxf4 13. Nxf4 O-O 14. Re1 Nb4 15. Bb1 Qd6 16. Ne5 b6 17. a3 Nc6 18. Qd3 Ne4 19. Rxe4 dxe4 20. Qxe4 Nxe5 21. Qxh7+ Kf7 22. Qh5+ Ke7 23. dxe5 Qd2 24. Qg5+ Kd7 25. Qxg7+ Kc6 26. Be4+ Kb5 27. Qxf8 Bb7 28. a4+ Kc4 29. Bd3+ Qxd3 30. Qxa8 1-0

[Event "Kragero Resort ELO 2024"]
[Site "Kragero"]
[Date "2024.02.21"]
[Round "1.18"]
[White "Nguyen, Tyson Quang Hy"]
[Black "Lorentzen, Jan Ove"]
[Result "0-1"]
[ECO "A23"]
[WhiteElo "1267"]
[BlackElo "1479"]
[Annotator "NA"]
[PlyCount "66"]
[EventDate "2024.02.21"]
[EventType "swiss"]
[EventCountry "NOR"]
[SourceTitle "playchess.com"]
[Source "ChessBase"]
[SourceQuality "1"]
[TimeControl "5400+30"]

1. c4 e5 2. g3 Nf6 3. Nc3 c6 4. e4 Bc5 5. Bg2 d6 6. Nge2 Ng4 7. d4 exd4 8. Nxd4 Qf6 9. Be3 Nxe3 10. fxe3 Qg5 11. Qd2 Bg4 12. O-O Nd7 13. Qf2 Ne5 14. Qf4 Qh5 15. Qf2 Nxc4 16. h3 Bd7 17. Na4 O-O 18. g4 Qe5 19. b3 Nb6 20. Nb2 Ba3 21. Nd3 Qe7 22. Nc2 d5 23. exd5 Nxd5 24. Bxd5 cxd5 25. b4 Bb5 26. Nxa3 Bxd3 27. Rfd1 Be4 28. Rd4 f5 29. Qg3 fxg4 30. Qxg4 Rf6 31. Qe2 Raf8 32. Rad1 Rg6+ 33. Kh2 Qe5# 0-1

[Event "Kragero Resort ELO 2024"]
[Site "Kragero"]
[Date "2024.02.21"]
[Round "1.19"]
[White "Shehzad, Alina"]
[Black "Syreng, Gard Alexander Bye"]
[Result "1-0"]
[ECO "B08"]
[WhiteElo "1474"]
[BlackElo "1244"]
[Annotator "NA RC"]
[PlyCount "67"]
[EventDate "2024.02.21"]
[EventType "swiss"]
[EventCountry "NOR"]
[SourceTitle "playchess.com"]
[Source "ChessBase"]
[SourceQuality "1"]
[TimeControl "5400+30"]

1. e4 d6 2. d4 Nf6 3. Nc3 g6 4. Nf3 Bg7 5. Bf4 O-O 6. h3 c6 7. Be2 Qc7 8. Qd2 Nbd7 9. g4 e5 10. Bh6 exd4 11. Nxd4 Re8 12. f3 Qb6 13. O-O-O d5 14. Bxg7 Kxg7 15. g5 Nh5 16. exd5 Ng3 17. Rh2 Ne5 18. Qf4 Nh5 19. Qh4 cxd5 20. Nxd5 Qa5 21. Nf6 Qxa2 22. Nxe8+ Kf8 23. Nb3 Be6 24. Qb4+ Kg8 25. Nc7 Bxb3 26. Nxa8 Bd5 27. Qa3 Nf4 28. Qxa2 Bxa2 29. b3 Nxe2+ 30. Rxe2 Nxf3 31. h4 Nxh4 32. Re8+ Kg7 33. Rdd8 f5 34. Rd7# 1-0

[Event "Kragero Resort ELO 2024"]
[Site "Kragero"]
[Date "2024.02.21"]
[Round "1.20"]
[White "Robertsen, Nikolas"]
[Black "Gjersvik, Aksel Elias"]
[Result "0-1"]
[ECO "C50"]
[WhiteElo "1236"]
[BlackElo "1451"]
[Annotator "NA"]
[PlyCount "114"]
[EventDate "2024.02.21"]
[EventType "swiss"]
[EventCountry "NOR"]
[SourceTitle "playchess.com"]
[Source "ChessBase"]
[SourceQuality "1"]
[TimeControl "5400+30"]

1. e4 e5 2. Nf3 Nc6 3. Bc4 Bc5 4. Nxe5 Nxe5 5. d4 Nxc4 6. dxc5 Qf6 7. Nc3 Ne7 8. Be3 Nxe3 9. fxe3 Qg5 10. Qe2 Qxc5 11. O-O d6 12. Qf2 Be6 13. Rad1 Bc4 14. Rfe1 Ng6 15. Nd5 Ne5 16. b3 Bxd5 17. Rxd5 Qc6 18. Re2 f6 19. Qg3 Qd7 20. a3 O-O-O 21. Qe1 Qg4 22. Rf2 Qxe4 23. Rd4 Qc6 24. Qb4 Qb6 25. a4 Qxb4 26. Rxb4 Rhe8 27. Re2 Re7 28. Kf2 Rde8 29. e4 Nc6 30. Rc4 d5 31. Rc3 Rxe4 32. Rxe4 Rxe4 33. Re3 Rxe3 34. Kxe3 Kd7 35. g4 Ke6 36. Kf4 g5+ 37. Ke3 Ke5 38. c3 d4+ 39. Kd3 dxc3 40. Kxc3 Kf4 41. Kc4 Kxg4 42. b4 f5 43. b5 f4 44. Kd3 Ne5+ 45. Ke2 f3+ 46. Kf1 Nd3 47. Kg1 Kf4 48. Kf1 Ke3 49. a5 b6 50. axb6 cxb6 51. h3 f2 52. h4 gxh4 53. Kg2 Ke2 54. Kh3 f1=Q+ 55. Kxh4 Qg2 56. Kh5 Qg3 57. Kh6 Qg6# 0-1

[Event "Kragero Resort ELO 2024"]
[Site "Kragero"]
[Date "2024.02.21"]
[Round "2.7"]
[White "Gjersvik, Aksel Elias"]
[Black "Zafra, Kim"]
[Result "0-1"]
[ECO "B07"]
[WhiteElo "1451"]
[BlackElo "1678"]
[Annotator "NA RC"]
[PlyCount "89"]
[EventDate "2024.02.21"]
[EventType "swiss"]
[EventCountry "NOR"]
[SourceTitle "playchess.com"]
[Source "ChessBase"]
[SourceQuality "1"]
[TimeControl "5400+30"]

1. e4 d6 2. d4 Nf6 3. Nc3 g6 4. Bc4 Nc6 5. Be3 Bg7 6. f3 O-O 7. Nge2 Nd7 8. Qd2 Nb6 9. Bb3 Na5 10. Qd3 c6 11. Na4 Nxa4 12. Bxa4 b5 13. Bb3 Ba6 14. h4 Rc8 15. c3 c5 16. dxc5 dxc5 17. Qxd8 Rfxd8 18. h5 c4 19. Bc2 Nc6 20. hxg6 hxg6 21. a3 Bb7 22. Kf2 Ne5 23. Bxa7 Rd2 24. Bd1 Nd3+ 25. Ke3 Rxb2 26. Bd4 e5 27. Bb6 f5 28. g3 Rf8 29. exf5 gxf5 30. Rh4 f4+ 31. gxf4 exf4+ 32. Nxf4 Re8+ 33. Ne6 Rxe6+ 34. Re4 Bh6+ 35. f4 Rxe4+ 36. Kf3 Re6+ 37. Kg4 Rxb6 38. a4 Bxf4 39. axb5 Be4 40. Ra8+ Bxa8 41. Kf5 R2xb5+ 42. Kg4 Rg5+ 43. Kh4 Rh6+ 44. Bh5 Kg7 45. Kh3 0-1

[Event "Kragero Resort ELO 2024"]
[Site "Kragero"]
[Date "2024.02.21"]
[Round "2.8"]
[White "Andersen, Lars Loberg"]
[Black "Dale, Svein"]
[Result "1/2-1/2"]
[ECO "B10"]
[WhiteElo "1429"]
[BlackElo "1638"]
[Annotator "NA RC"]
[PlyCount "84"]
[EventDate "2024.02.21"]
[EventType "swiss"]
[EventCountry "NOR"]
[SourceTitle "playchess.com"]
[Source "ChessBase"]
[SourceQuality "1"]
[TimeControl "5400+30"]

1. e4 c6 2. c4 e6 3. d4 d5 4. cxd5 exd5 5. e5 c5 6. Nc3 Nc6 7. dxc5 d4 8. Ne4 Bxc5 9. Nxc5 Qa5+ 10. Bd2 Qxc5 11. Nf3 Bg4 12. Rc1 Qd5 13. Bc4 Qe4+ 14. Qe2 Bxf3 15. gxf3 Qxe5 16. Qxe5+ Nxe5 17. Bd5 Nd3+ 18. Kd1 Nxc1 19. Re1+ Kd8 20. Bxf7 Nf6 21. Bxc1 Rf8 22. Bc4 Re8 23. Rg1 Re7 24. Bg5 Rc8 25. Bd3 Rc5 26. Bd2 Rh5 27. Rg2 h6 28. f4 Rh3 29. Bf5 Rf3 30. Bb4 Rc7 31. Bd6 Ne8 32. Bxc7+ Kxc7 33. Be4 Rxf4 34. f3 g5 35. Kd2 Nd6 36. Kd3 b6 37. Kxd4 Nf5+ 38. Ke5 Ne3 39. Re2 Nc4+ 40. Ke6 b5 41. a4 Kb6 42. axb5 Kxb5 1/2-1/2

[Event "Kragero Resort ELO 2024"]
[Site "Kragero"]
[Date "2024.02.21"]
[Round "2.9"]
[White "Digernes, Mikael"]
[Black "Dale, Marius Hag"]
[Result "1/2-1/2"]
[ECO "B20"]
[WhiteElo "1593"]
[BlackElo "1415"]
[Annotator "NA RC"]
[PlyCount "49"]
[EventDate "2024.02.21"]
[EventType "swiss"]
[EventCountry "NOR"]
[SourceTitle "playchess.com"]
[Source "ChessBase"]
[SourceQuality "1"]
[TimeControl "5400+30"]

1. e4 c5 2. a3 Nc6 3. b4 e6 4. b5 Nce7 5. d4 cxd4 6. Qxd4 d5 7. Nd2 Nf6 8. Bd3 Ng6 9. e5 Nd7 10. Bxg6 hxg6 11. Nb3 Qc7 12. Bg5 Qxc2 13. Rc1 Qxb3 14. Qxa7 Rb8 15. Rc7 Qb1+ 16. Kd2 Qb2+ 17. Kd1 Qxe5 18. Qxb8 Nxb8 19. Rxc8+ Kd7 20. Nf3 Qa1+ 21. Rc1 Qxa3 22. Ne5+ Kd6 23. Nxf7+ Kd7 24. Ne5+ Kd6 25. Nf7+ 1/2-1/2

[Event "Kragero Resort ELO 2024"]
[Site "Kragero"]
[Date "2024.02.21"]
[Round "2.10"]
[White "Nordahl, Frederik"]
[Black "Smedsrud, Petter"]
[Result "0-1"]
[ECO "C02"]
[WhiteElo "1396"]
[BlackElo "1580"]
[Annotator "NA RC"]
[PlyCount "56"]
[EventDate "2024.02.21"]
[EventType "swiss"]
[EventCountry "NOR"]
[SourceTitle "playchess.com"]
[Source "ChessBase"]
[SourceQuality "1"]
[TimeControl "5400+30"]

1. e4 e6 2. d4 d5 3. e5 c5 4. c3 Nc6 5. Nf3 Qb6 6. Bd3 cxd4 7. cxd4 Bd7 8. O-O Nxd4 9. Nbd2 Nxf3+ 10. Nxf3 Bb5 11. Be3 Qa6 12. Bxb5+ Qxb5 13. Nd4 Qd7 14. f4 Bc5 15. Qg4 f5 16. Qg5 Qe7 17. Qxe7+ Nxe7 18. Nxf5 Nxf5 19. Bxc5 h5 20. Rac1 Kd7 21. Rc3 Rac8 22. Rfc1 b6 23. Ba3 Ne3 24. b3 Nf5 25. Kf2 Rxc3 26. Rxc3 h4 27. Ke2 Nd4+ 28. Kd2 Nb5 0-1

[Event "Kragero Resort ELO 2024"]
[Site "Kragero"]
[Date "2024.02.21"]
[Round "2.11"]
[White "Johannessen, Martin T."]
[Black "Hagen, Bjorn Stian"]
[Result "1-0"]
[ECO "A45"]
[WhiteElo "1660"]
[BlackElo "1278"]
[Annotator "NA RC"]
[PlyCount "51"]
[EventDate "2024.02.21"]
[EventType "swiss"]
[EventCountry "NOR"]
[SourceTitle "playchess.com"]
[Source "ChessBase"]
[SourceQuality "1"]
[TimeControl "5400+30"]

1. d4 Nf6 2. Bg5 e6 3. e4 Be7 4. e5 Nd5 5. Bxe7 Nxe7 6. c4 d5 7. Nf3 Nd7 8. Nc3 c5 9. cxd5 cxd4 10. dxe6 dxc3 11. exd7+ Bxd7 12. bxc3 O-O 13. Bd3 Rc8 14. Qc2 h6 15. O-O a5 16. Rac1 Nd5 17. Qb3 Nf4 18. Bb5 Qb6 19. Bxd7 Qxb3 20. axb3 Rxc3 21. Rxc3 Ne2+ 22. Kh1 Nxc3 23. e6 fxe6 24. Bxe6+ Kh8 25. Rc1 Rd8 26. Rxc3 1-0

[Event "Kragero Resort ELO 2024"]
[Site "Kragero"]
[Date "2024.02.21"]
[Round "2.12"]
[White "Kopperud, Vidar Aleksander"]
[Black "Jullum, Hege Ibsen"]
[Result "1-0"]
[ECO "D11"]
[WhiteElo "1642"]
[BlackElo "1128"]
[Annotator "NA RC"]
[PlyCount "57"]
[EventDate "2024.02.21"]
[EventType "swiss"]
[EventCountry "NOR"]
[SourceTitle "playchess.com"]
[Source "ChessBase"]
[SourceQuality "1"]
[TimeControl "5400+30"]

1. d4 d5 2. c4 c6 3. Nf3 Nf6 4. e3 Bg4 5. Nc3 Nbd7 6. h3 Bxf3 7. Qxf3 a6 8. cxd5 cxd5 9. Nxd5 e5 10. Bd2 Bd6 11. Bd3 O-O 12. Nxf6+ Nxf6 13. O-O Re8 14. Bc4 Qd7 15. Bc3 e4 16. Qe2 b5 17. Bb3 Qf5 18. f4 Nd5 19. Be1 Nf6 20. g4 Qd7 21. g5 Qxh3 22. gxf6 g5 23. Rf2 Qf5 24. Rg2 Qxf6 25. Bh4 h6 26. fxg5 Qf5 27. Rf1 Qd7 28. Rxf7 Qh3 29. Rf3+ 1-0

[Event "Kragero Resort ELO 2024"]
[Site "Kragero"]
[Date "2024.02.21"]
[Round "2.13"]
[White "Eckholdt, Carl Marcus"]
[Black "Mortensen, Michael"]
[Result "1/2-1/2"]
[ECO "B22"]
[WhiteElo "1575"]
[BlackElo "1330"]
[Annotator "NA RC"]
[PlyCount "79"]
[EventDate "2024.02.21"]
[EventType "swiss"]
[EventCountry "NOR"]
[SourceTitle "playchess.com"]
[Source "ChessBase"]
[SourceQuality "1"]
[TimeControl "5400+30"]

1. e4 c5 2. c3 Nf6 3. e5 Nd5 4. d4 cxd4 5. cxd4 e6 6. Nc3 Nxc3 7. bxc3 Qc7 8. Qc2 Nc6 9. Nf3 Be7 10. Bd3 h6 11. a4 b6 12. Ba3 Bxa3 13. Rxa3 Bb7 14. Nd2 Rc8 15. Ra2 d6 16. f4 dxe5 17. fxe5 Qe7 18. Qb1 O-O 19. O-O Qg5 20. Ne4 Qe3+ 21. Raf2 h5 22. Qd1 Qh6 23. Nd6 Rc7 24. Be4 Ba6 25. Re1 Ne7 26. Rf3 Nc8 27. Nb5 Bxb5 28. axb5 f5 29. exf6 Rxf6 30. Ref1 Rcf7 31. Rxf6 Rxf6 32. Rxf6 Qxf6 33. Qxh5 Nd6 34. Bc2 Qf4 35. Qh7+ Kf8 36. Qh8+ Kf7 37. Qh5+ Ke7 38. Qe2 Qc1+ 39. Kf2 Qf4+ 40. Kg1 1/2-1/2

[Event "Kragero Resort ELO 2024"]
[Site "Kragero"]
[Date "2024.02.21"]
[Round "2.15"]
[White "Wernberg, Nikolai Olsen"]
[Black "Sorensen, Vidar Busch"]
[Result "1-0"]
[ECO "E68"]
[WhiteElo "1850"]
[BlackElo "1313"]
[Annotator "NA RC"]
[PlyCount "62"]
[EventDate "2024.02.21"]
[EventType "swiss"]
[EventCountry "NOR"]
[SourceTitle "playchess.com"]
[Source "ChessBase"]
[SourceQuality "1"]
[TimeControl "5400+30"]

1. Nf3 d6 2. d4 Nf6 3. g3 g6 4. Bg2 Bg7 5. O-O Nbd7 6. c4 O-O 7. Nc3 e5 8. e4 Nh5 9. Bg5 f6 10. Be3 f5 11. exf5 Qf6 12. Nd5 Qd8 13. fxg6 hxg6 14. Qd3 Qe8 15. Nxc7 e4 16. Qc2 Qd8 17. Ne6 exf3 18. Nxd8 fxg2 19. Kxg2 Rxd8 20. Qxg6 Nhf6 21. Bh6 Ne8 22. Qg5 Ndf6 23. Bxg7 Nxg7 24. Qxf6 Bf5 25. Rfe1 Rd7 26. h4 Rf8 27. Qg5 Kh7 28. h5 Ne6 29. Rxe6 Bxe6 30. Qg6+ Kh8 31. Qxe6 Rh7 1-0

[Event "Kragero Resort ELO 2024"]
[Site "Kragero"]
[Date "2024.02.21"]
[Round "2.16"]
[White "Elseth, Florian"]
[Black "Matysiak, Tommy"]
[Result "1-0"]
[ECO "E11"]
[WhiteElo "1513"]
[BlackElo "1312"]
[Annotator "NA RC"]
[PlyCount "63"]
[EventDate "2024.02.21"]
[EventType "swiss"]
[EventCountry "NOR"]
[SourceTitle "playchess.com"]
[Source "ChessBase"]
[SourceQuality "1"]
[TimeControl "5400+30"]

1. d4 Nf6 2. c4 e6 3. Nf3 Bb4+ 4. Bd2 Bxd2+ 5. Qxd2 O-O 6. Nc3 d5 7. g3 c5 8. cxd5 exd5 9. Bg2 Nc6 10. O-O c4 11. Ne5 Be6 12. Nxc6 bxc6 13. e3 Bf5 14. Na4 Bd3 15. Rfc1 Ne4 16. Bxe4 Bxe4 17. Nc5 Bf3 18. b3 Qc8 19. Qe1 cxb3 20. axb3 f5 21. Nd3 Rf6 22. Ne5 Be4 23. f3 f4 24. fxe4 fxg3 25. Qxg3 dxe4 26. Rf1 Re6 27. Rf2 c5 28. Raf1 Re7 29. Rf7 Rxf7 30. Rxf7 g6 31. Qh4 h5 32. Qe7 1-0